 Dungeon Crawl Stone Soup version 0.21.0-22-g11d5b52 (webtiles) character file.

701 loralnil the Shield-Bearer (level 7, 0/63 HPs)
             Began as a Minotaur Fighter on Jan 18, 2018.
             Slain by an ogre
             ... wielding a +0 giant club
              (17 damage)
             ... on level 5 of the Dungeon.
             The game lasted 00:05:45 (3021 turns).

loralnil the Shield-Bearer (Minotaur Fighter)       Turns: 3021, Time: 00:05:45

Health: 0/63       AC:  7    Str: 22    XL:     7   Next: 38%
Magic:  6/6        EV:  8    Int:  7    God:
Gold:   177        SH: 13    Dex: 10    Spells: 6/6 levels left

rFire    . . .     SeeInvis .   a - +0 war axe
rCold    . . .     Gourm    .   c - +3 shield
rNeg     . . .     Faith    .   b - +0 scale mail
rPois    .         Spirit   .   (helmet restricted)
rElec    .         Reflect  .   (no cloak)
rCorr    .         Harm     .   (no gloves)
MR       .....                  (no boots)
Stlth    ..........             g - amulet of rage
HPRegen  0.20/turn              h - +2 ring of intelligence
MPRegen  0.10/turn              (no ring)

@: no status effects
A: retaliatory headbutt, horns 2
a: Evoke Berserk Rage


You were on level 5 of the Dungeon.
You were very hungry.

You visited 1 branch of the dungeon, and saw 5 of its levels.

You collected 177 gold pieces.

Inventory:

Hand Weapons
 a - a +0 war axe (weapon)
Armour
 b - a +0 scale mail (worn)
 c - a +3 shield (worn)
Jewellery
 g - an amulet of rage (around neck)
 h - a +2 ring of intelligence (left hand)
Scrolls
 l - a scroll of blinking {unknown}
 o - a scroll of enchant weapon {unknown}
 p - a scroll of teleportation {unknown}
Potions
 d - 2 potions of cancellation
 e - a potion of lignification
 i - 2 potions of ambrosia
 j - 2 potions of degeneration {unknown}
 k - 3 potions of heal wounds {unknown}
 m - 2 potions of brilliance {unknown}
 n - a potion of agility {unknown}
 q - a potion of mutation {unknown}
Comestibles
 f - 7 rations


   Skills:
 + Level 6.1 Fighting
 + Level 5.4 Axes
 + Level 6.0 Armour
 + Level 6.1 Shields


You had 6 spell levels left.
You didn't know any spells.

Dungeon Overview and Level Annotations

Branches:
Dungeon (5/15)
 Temple: D:4-7

Altars:
Cheibriados
Dithmenos
Elyvilon


Innate Abilities, Weirdness & Mutations

You reflexively headbutt those who attack you in melee.
You have a pair of horns on your head.


Message History

There is a stone staircase leading down here.
You start resting.
You feel sick. x10
You are no longer poisoned.
You start resting.
You are feeling hungry.
You start resting.
You are feeling very hungry.
You start resting.
HP restored.
You climb downwards.
The ogre hits you with a giant club!!
There is a stone staircase leading up, spattered with blood here.
You hit the ogre but do no damage. You headbutt the ogre.
The ogre is lightly wounded.
The ogre hits you with a giant club!!
You hit the ogre. You headbutt the ogre.
The ogre is moderately wounded.
The ogre hits you with a giant club.
* * * LOW HITPOINT WARNING * * *
The ogre hits you with a giant club!
You die...

..........# ......<#.#
.......#.# ##.......##
#.........###########
....................#
#.........##........# ..
#.........##....O...# ..
#^........##....@...# ..
#.........##....รท...# .#
#.........##........# .#
#.........##.......># .#
####.......#....##.####.##..#
#....##..........# ......
#####......# .......
....)...# ....... ##....(..#


You could see an ogre.

Vanquished Creatures
  Duvessa (D:4)
  2 ogres (D:4)
  A bullfrog (D:3)
  Dowan (D:4)
  A scorpion (D:5)
  A howler monkey (D:5)
  An orc priest (D:4)
  An iguana (D:5)
  An orc wizard (D:4)
  A worker ant (D:4)
  An adder (D:3)
  2 oozes
  A worm (D:2)
  3 dart slugs
  3 leopard geckos
  9 orcs
  11 bats
  7 giant cockroaches
  5 goblins
  10 hobgoblins
  2 jackals (D:4)
  8 kobolds
  A quokka (D:2)
  4 frilled lizards
  A leopard gecko skeleton (D:4)
  9 rats
88 creatures vanquished.

Notes
Turn   | Place    | Note
-------+----------+-------------------------------------------
     0 | D:1      | loralnil the Minotaur Fighter began the quest for the Orb.
     0 | D:1      | Reached XP level 1. HP: 19/19 MP: 0/0
    65 | D:1      | Reached XP level 2. HP: 25/27 MP: 1/1
   377 | D:1      | Reached XP level 3. HP: 23/33 MP: 2/2
  1055 | D:2      | Found a white marble altar of Elyvilon.
  1162 | D:3      | Noticed a bullfrog
  1168 | D:3      | Killed a bullfrog
  1168 | D:3      | Reached XP level 4. HP: 35/41 MP: 3/3
  1449 | D:3      | Found a shadowy altar of Dithmenos.
  1494 | D:3      | Reached XP level 5. HP: 47/47 MP: 4/4
  1804 | D:4      | Noticed an ogre
  1812 | D:4      | Killed an ogre
  1812 | D:4      | Reached skill level 5 in Fighting
  1812 | D:4      | Reached skill level 5 in Shields
  1937 | D:4      | Found a snail-covered altar of Cheibriados.
  1944 | D:4      | Noticed Duvessa
  1949 | D:4      | Noticed Dowan
  1960 | D:4      | Killed Duvessa
  1960 | D:4      | Reached skill level 5 in Armour
  1960 | D:4      | Reached XP level 6. HP: 46/56 MP: 5/5
  1974 | D:4      | Killed Dowan
  2083 | D:5      | Entered Level 5 of the Dungeon
  2174 | D:4      | Reached skill level 5 in Axes
  2174 | D:4      | Reached XP level 7. HP: 20/62 MP: 6/6
  3021 | D:5      | Slain by an ogre

Skill      XL: |  1  2  3  4  5  6  7 |
---------------+----------------------+-----
Fighting       | 4 5 6 |  6.1
Shields        | 4 5 6 |  6.1
Armour         | 4 5 6 |  6.0
Axes           | 3 4 5 |  5.4

Action                   |  1- 3 |  4- 6 |  7- 9 || total
-------------------------+-------+-------+-------++-------
Melee: War axe           |    95 |    83 |    42 ||   220
       Headbutt          |    11 |    12 |     8 ||    31
  Use: Scroll            |       |     5 |     1 ||     6
       Potion            |       |     1 |       ||     1
  Eat: Chunk             |     1 |     3 |     2 ||     6
Armor: Scale mail        |    52 |    33 |    19 ||   104
Dodge: Dodged            |    28 |    23 |     8 ||    59
Block: Shield            |    58 |    53 |    27 ||   138
